 Dungeon Sprint DCSS version 0.24.0-13-gcf9b319 (webtiles) character file.

Game seed: 12792794970551255734, levelgen mode: deterministic

26 2bobheroes the Shield-Bearer (level 3, -1/31 HPs)
             Began as a Formicid Fighter on Mar 19, 2020.
             Was an Initiate of Okawaru.
             Slain by a yak (6 damage)
             ... in the Dungeon (Sprint I: "Red Sonja").
             The game lasted 00:01:07 (97 turns).

2bobheroes the Shield-Bearer (Formicid Fighter)       Turns: 97, Time: 00:01:07

Health: -1/31      AC:  6    Str: 20    XL:     3   Next: 22%
Magic:  3/3        EV:  8    Int:  7    God:    Okawaru [......]
Gold:   0          SH: 10    Dex: 11    Spells: 2/2 levels left

rFire    . . .     SeeInvis +   a - +0 long sword
rCold    . . .     Gourm    .   c - +0 shield
rNeg     . . .     Faith    .   b - +0 scale mail
rPois    .         Spirit   .   (helmet unavailable)
rElec    .         Reflect  .   (no cloak)
rCorr    .         Harm     .   (no gloves)
MR       .....                  (no boots)
Stlth    ..........             (no amulet)
HPRegen  0.10/turn              (no ring)
MPRegen  0.08/turn              (no ring)

@: no status effects
A: permanent stasis, dig shafts and tunnels, four strong arms, antennae 3
a: Dig, Renounce Religion


You were in the Dungeon.
You worshipped Okawaru.
Okawaru was noncommittal.
You were not hungry.

You visited 1 branch

Inventory:

Hand Weapons
 a - a +0 long sword (weapon)
Armour
 b - a +0 scale mail (worn)
 c - a +0 shield (worn)
Scrolls
 k - a scroll of blinking
Potions
 d - a potion of might
 e - a potion of curing
 g - a potion of heal wounds
 h - a potion of haste
 i - 2 potions of magic
 j - a potion of berserk rage
Comestibles
 f - a ration


   Skills:
 + Level 4.5 Fighting
 * Level 4.5 Long Blades
 - Level 3.2 Armour
 + Level 5.0 Shields


You had 2 spell levels left.
You didn't know any spells.
Your spell library was empty.

Dungeon Overview and Level Annotations

Branches:
Dungeon (1/1)

Altars:
Cheibriados
Dithmenos
Elyvilon
Fedhas
Gozag
Hepliaklqana
Kikubaaqudgha
Nemelex Xobeh
Okawaru
Qazlal
Ru
Trog
Uskayaw
Yredelemnul
Zin
The Shining One

Shops:
D %


Innate Abilities, Weirdness & Mutations

You cannot be hasted, slowed, berserked, paralysed or teleported.
You can dig through walls and to a lower floor.
Your four strong arms can wield two-handed weapons with a shield.
You have a pair of large antennae on your head. (SInv)


Message History

The yak gores you.
The yak snorts and paws the altar.
The yak gores you.
You barely miss the yak.
The yak is severely wounded.
You block the yak's attack.
You slash the yak!
The yak is almost dead.
The yak gores you but does no damage.
You hit the yak but do no damage.
The yak is almost dead.
The yak gores you.
* * * LOW HITPOINT WARNING * * *
Your shield and scale mail prevent you from hitting the yak.
The yak is almost dead.
You block the yak's attack.
You barely miss the yak.
The yak is almost dead.
The yak gores you.
You die...

#######
#<.#..+ {
#..').# {
#..####
#..####
#..#__####
#..#_@Y__##
#⌠⌠#_.∩...+
###._..__##
#$$#_____#
##########
{ { {


You could see a yak.

Vanquished Creatures
  Ijyb (D)
1 creature vanquished.

Notes
Turn   | Place    | Note
-------+----------+-------------------------------------------
     0 | D        | 2bobheroes the Formicid Fighter began the quest for the
                  | Orb.
     0 | D        | Reached XP level 1. HP: 18/18 MP: 1/1
     1 | D        | Noticed Ijyb
    29 | D        | Killed Ijyb
    29 | D        | Reached skill level 5 in Shields
    29 | D        | Reached XP level 2. HP: 22/26 MP: 2/2
    29 | D        | Reached XP level 3. HP: 26/31 MP: 3/3
    83 | D        | Found a basalt altar of Yredelemnul.
    83 | D        | Found a hide-covered altar of Uskayaw.
    83 | D        | Found a hazy altar of Hepliaklqana.
    83 | D        | Found a shadowy altar of Dithmenos.
    83 | D        | Found an ancient bone altar of Kikubaaqudgha.
    83 | D        | Found a sacrificial altar of Ru.
    83 | D        | Found a snail-covered altar of Cheibriados.
    83 | D        | Found Ynwongyl's Food Emporium.
    83 | D        | Found an opulent altar of Gozag.
    83 | D        | Found a sparkling altar of Nemelex Xobeh.
    83 | D        | Found a glowing golden altar of the Shining One.
    83 | D        | Found an iron altar of Okawaru.
    83 | D        | Found a bloodstained altar of Trog.
    83 | D        | Found a blossoming altar of Fedhas.
    83 | D        | Found a stormy altar of Qazlal.
    83 | D        | Found a white marble altar of Elyvilon.
    83 | D        | Found a glowing silver altar of Zin.
    83 | D        | Noticed a yak
    86 | D        | Became a worshipper of Warmaster Okawaru
    97 | D        | Slain by a yak

Levels and vault maps discovered:
D:        dungeon_sprint_1 [red_sonja_temple_1, red_sonja_temple_small_1]

Skill      XL: |  1 |
---------------+----+-----
Fighting       | 4 |  4.5
Long Blades    | 4 |  4.5
Shields        | 5 |  5.0
Armour         | |  3.2

Action                   || total
-------------------------++-------
Melee: Long sword        ||    38
 Abil: Dig               ||     1
Armor: Scale mail        ||    11
Dodge: Dodged            ||     7
Block: Shield            ||    14
       Rpst.: Long sword ||     2
